 Dungeon Crawl Stone Soup version 0.31-a0-360-gb3e1d13bf4 (webtiles) character file.

Game seed: 1718473686697256287

720 javelincjr the Magician (level 7, -1/51 HPs)
             Began as a Demonspawn Hedge Wizard on July 25, 2023.
             Was a Follower of Sif Muna.
             Slain by a killer bee (8 damage)
             ... on level 3 of the Dungeon on July 26, 2023.
             The game lasted 00:19:40 (3319 turns).

javelincjr the Magician (Demonspawn Hedge Wizard)   Turns: 3319, Time: 00:19:42

Health: -1/51      AC:  6    Str: 10    XL:     7   Next: 42%
Magic:  6/13       EV: 12    Int: 18    God:    Sif Muna [*.....]
Gold:   145        SH:  0    Dex: 12    Spells: 10/15 levels left

rFire   . . .        p - +2 quarterstaff (chaos)
rCold   + . .        (shield currently unavailable)
rNeg    . . .        y - +2 leather armour {rC+}
rPois   .            c - +0 hat
rElec   .            q - +0 cloak
rCorr   .            (no gloves)
SInv    .            (no boots)
Will    .....        n - amulet of faith
Stlth   ++           (no ring)
HPRegen 0.28/turn    (no ring)
MPRegen 0.13/turn

%: faith
@: on blink cooldown
A: powered by pain 1, sturdy frame 1, weakness stinger 2
a: Renounce Religion, Channel Magic


You were on level 3 of the Dungeon.
You worshipped Sif Muna.
Sif Muna was aware of your devotion.
You visited 1 branch of the dungeon, and saw 4 of its levels.

You collected 145 gold pieces.

Inventory:

Hand Weapons
 a - a +0 dagger
 k - a +0 spear
 p - a +2 quarterstaff of chaos (weapon)
 w - a +5 flail
Armour
 b - a +0 robe
 c - a +0 hat (worn)
 q - a +0 cloak (worn)
 y - a +2 leather armour of cold resistance (worn)
Magical Staves
 m - a staff of cold
Jewellery
 j - the amulet of Elemental Vulnerability {rPois rF-- rC-- AC+8}
   (You found it on level 2 of the Dungeon)

   [amulet of nothing]

   AC:        It affects your AC (+8).
   rF:        It makes you very vulnerable to fire.
   rC:        It makes you very vulnerable to cold.
   rPois:     It protects you from poison.
 n - an amulet of faith (around neck)
Scrolls
 e - a scroll of enchant weapon {unknown}
 g - 2 scrolls of amnesia {unknown}
 h - a scroll of immolation {unknown}
 r - a scroll of noise {unknown}
 s - a scroll of silence {unknown}
 t - 3 scrolls of identify {unknown}
 u - a scroll of blinking {unknown}
 v - a scroll of teleportation {unknown}
 x - a scroll of vulnerability {unknown}
Potions
 d - a potion of magic
 f - a potion of enlightenment {unknown}
 i - a potion of attraction {unknown}
 l - a potion of heal wounds {unknown}
 o - a potion of degeneration {unknown}
 z - a potion of curing {unknown}


   Skills:
 + Level 2.4 Fighting
 + Level 0.6 Staves
 + Level 0.6 Armour
 + Level 2.8 Dodging
 + Level 3.1 Stealth
 * Level 4.6 Spellcasting
 + Level 2.7 Conjurations
 + Level 2.7 Summonings
 + Level 2.4 Translocations
 + Level 2.9 Invocations


You had 10 spell levels left.
You knew the following spells:

 Your Spells              Type           Power      Damage    Failure   Level
a - Magic Dart            Conj           56%        1d5       4%          1
b - Call Imp              Summ           28%        N/A       8%          2
c - Blink                 Tloc           24%        N/A       9%          2

Your spell library contained the following spells:

 Spells                   Type           Power      Damage    Failure   Level
 Slow                     Hex            16%        N/A       16%         1
 Cigotuvi's Dreadful Rot  Necr/Pois/Air  8%         N/A       22%         2
 Vhi's Electric Charge    Tloc/Air       16%        N/A       26%         3
 Mephitic Cloud           Conj/Pois/Air  7%         N/A       30%         3
 Arcjolt                  Conj/Air       4%         1d14      93%         5
 Maxwell's Capacitive Co  Air            2%         ∞         100%        8


Dungeon Overview and Level Annotations

Branches:
Dungeon (4/15)
 Temple: D:4-7

Altars:
Qazlal
Sif Muna

Shops:
D:1 [


Innate Abilities, Weirdness & Mutations

You sometimes gain a little power by taking damage.
Your movements are slightly less encumbered by armour. (ER -2)
You have a tail ending in a sharp stinger.


Message History

The killer bee misses you.
The killer bee stings you but does no damage.
Your cerulean imp closely misses the killer bee.
The killer bee stings you.
You hit the killer bee. You burn the killer bee.
The killer bee is heavily wounded.
The killer bee stings you but does no damage.
Your cerulean imp hits the killer bee from afar with a -3 spear.
The killer bee barely misses you.
You hit the killer bee.
The killer bee is severely wounded.
The killer bee stings you but does no damage. x2
Your cerulean imp closely misses the killer bee.
The killer bee stings you.
Your cerulean imp hits the killer bee from afar with a -3 spear.
You closely miss the killer bee.
Your tail-slap misses the killer bee.
The killer bee is severely wounded.
The killer bee stings you.
* * * LOW HITPOINT WARNING * * *
The killer bee stings you!
* * * LOW HITPOINT WARNING * * *
Your cerulean imp misses the killer bee.
Casting: Call Imp (safe; 8% risk of failure)
Confirm with . or Enter, or press ? or * to list all spells.
Aiming: Magic Dart (safe; 4% risk of failure)
Press: ? - help, Shift-Dir - straight line, f - killer bee
Aim: a killer bee (severely wounded, ally target, 100% to hit)
Okay, then.
Casting: Magic Dart (safe; 4% risk of failure)
Confirm with . or Enter, or press ? or * to list all spells.
You blink.
Casting: Blink (safe; 9% risk of failure)
Confirm with . or Enter, or press ? or * to list all spells.
Aiming: Magic Dart (safe; 4% risk of failure)
Press: ? - help, Shift-Dir - straight line, f - killer bee
Aim: a killer bee (severely wounded, ally target, 100% to hit)
The magic dart hits the killer bee.
The killer bee is almost dead.
The killer bee stings you!
You die...

#.# #.# #########.# #.#
..........# #.# ##############
#.# .............# #.#
....########.#####'#########
....########.##............###
..................§..#####...#
......######.##.@y.5.# ##..#
.......## #.##......# ##...#
........#################....#
....##..####...###...####..###
....##..###....###....###..#
....##..###....###....###..#
.#####..##..#...#.[.#..##..#
..# ##..#..##.....##..#..##
..## ##....###...###....##


You could see a killer bee (ally target) and a friendly cerulean imp (summoned).

Vanquished Creatures
  Grinder (D:3)
  Sigmund (D:2)
  Eustachio (D:4)
  Crazy Yiuf (D:2)
  2 adders
  3 dart slugs (D:1)
  4 orcs
  3 endoplasms
  5 giant cockroaches
  8 goblins
  5 hobgoblins
  2 quokkas
  4 ball pythons
  4 frilled lizards
  6 kobolds
  5 rats
55 creatures vanquished.

Vanquished Creatures (collateral kills)
  A black bear (D:4)
  2 adders (D:3)
  A ball python (D:1)
  A giant cockroach (D:1)
  3 hobgoblins
  A frilled lizard (D:3)
  2 rats
11 creatures vanquished.

Grand Total: 66 creatures vanquished

Notes
Turn   | Place    | Note
-------+----------+-------------------------------------------
     0 | D:1      | javelincjr the Demonspawn Hedge Wizard began the quest for
                  | the Orb.
     0 | D:1      | Reached XP level 1. HP: 13/13 MP: 4/4
    50 | D:1      | Reached skill level 1 in Translocations
   124 | D:1      | Found a faded altar of an unknown god.
   173 | D:1      | Gained mutation: You have a small tail. [demonic ancestry]
   173 | D:1      | Reached XP level 2. HP: 19/19 MP: 3/6
   176 | D:1      | Learned a level 2 spell: Call Imp
   179 | D:1      | Learned a level 2 spell: Blink
   484 | D:1      | Noticed an animated gold dragon scales
   488 | D:1      | Found Zedog's Armour Emporium.
   490 | D:1      | Noticed an animated gold dragon scales
   787 | D:2      | Found the amulet of Elemental Vulnerability {rPois rF--
                  | rC-- AC+8}
   800 | D:2      | Reached XP level 3. HP: 25/25 MP: 7/7
  1129 | D:2      | Found a shimmering blue altar of Sif Muna.
  1137 | D:2      | Became a worshipper of Sif Muna the Loreminder
  1304 | D:2      | Noticed Sigmund
  1356 | D:2      | Upgraded the game from 0.31-a0-358-gac0dbeb3ab to
                  | 0.31-a0-360-gb3e1d13bf4
  1494 | D:2      | Found a runed translucent door.
  1497 | D:2      | Noticed Crazy Yiuf
  1540 | D:2      | Killed Crazy Yiuf
  1541 | D:2      | Reached skill level 1 in Fighting
  1541 | D:2      | Gained mutation: You sometimes gain a little power by
                  | taking damage. [demonic ancestry]
  1541 | D:2      | Reached XP level 4. HP: 32/32 MP: 1/9
  1745 | D:2      | Killed Sigmund
  1746 | D:2      | Reached skill level 4 in Spellcasting
  1746 | D:2      | Reached skill level 1 in Invocations
  1746 | D:2      | Reached XP level 5. HP: 32/37 MP: 7/11
  2014 | D:3      | Noticed Grinder
  2024 | D:3      | Killed Grinder
  2025 | D:3      | Gained mutation: Your movements are slightly less
                  | encumbered by armour. (ER -2) [demonic ancestry]
  2025 | D:3      | Reached XP level 6. HP: 19/44 MP: 10/12
  2367 | D:3      | Found a stormy altar of Qazlal.
  2618 | D:3      | Reached * piety under Sif Muna
  3031 | D:4      | Noticed Eustachio
  3049 | D:4      | Killed Eustachio
  3050 | D:4      | Gained mutation: You have a tail ending in a sharp stinger.
                  | [demonic ancestry]
  3050 | D:4      | Reached XP level 7. HP: 19/50 MP: 13/13
  3319 | D:3      | Slain by a killer bee

Illustrated notes

Levels and vault maps discovered:
D:1:      giann_bridges, layout_basic, serial_shops, nicolae_shop_mannequins,
          hellmonk_ecumenical_altar_pennies_from_heaven,
          corexii_leaking_fountain, minmay_worlds_worst_comb
D:2:      layout_basic, basic_altar, minmay_misc_feat_cross,
          uniq_crazy_yiuf_cottage, uniq_sigmund
D:3:      layout_basic, old_standard_altar, dreamdust_princess_bridge,
          hangedman_glass_teeth, minivault_11, fountainhead,
          guppyfry_early_orc_mine, uniq_grinder
D:4:      layout_basic, tgw_trog, marbit_many_paths, uniq_eustachio, uniq_robin

Skill      XL: |  1  2  3  4  5  6 |
---------------+-------------------+-----
Translocations | 1 2 |  2.4
Dodging        | 2 |  2.8
Stealth        | 2 3 |  3.1
Fighting       | 1 2 |  2.4
Spellcasting   | 4 |  4.6
Conjurations   | 2 |  2.7
Summonings     | 2 |  2.7
Invocations    | 1 2 |  2.9
Staves         | |  0.6
Armour         | |  0.6

Action                     |  1- 3 |  4- 6 |  7- 9 || total
---------------------------+-------+-------+-------++-------
  Melee: Dagger            |    68 |       |       ||    68
         Tailslap          |    10 |     4 |     1 ||    15
         Spear             |    10 |       |       ||    10
         Punch             |     1 |       |       ||     1
         Quarterstaff      |       |    67 |    19 ||    86
   Cast: Magic Dart        |    35 |     9 |     3 ||    47
         Call Imp          |    11 |    10 |     4 ||    25
         Blink             |     1 |       |     2 ||     3
   Stab: Sleeping          |     3 |       |       ||     3
         Distracted        |     1 |       |       ||     1
 Armour: Robe              |    14 |     8 |     2 ||    24
         Leather armour    |       |       |    14 ||    14
  Dodge: Dodged            |    60 |    43 |    37 ||   140

Table legend: (Time is in decaauts)
 A = Elapsed time spent in this place.
 B = Non-inter-level travel time spent in this place.
 C = Inter-level travel time spent in this place.
 D = Time resting spent in this place.
 E = Time spent auto-exploring this place.
 F = Levels seen in this place.
 G = Mean time per level.
                   A        B        C        D        E       F      G
               +--------+--------+--------+--------+--------+-----+--------+
         Total |   3346 |   3273 |     73 |    225 |   2367 |   4 |  836.5 |
       Dungeon |   3346 |   3273 |     73 |    225 |   2367 |   4 |  836.5 |
               +--------+--------+--------+--------+--------+-----+--------+

Top non-repeatable levels by time:
     D:3: 1158 daAuts
     D:2: 1082 daAuts
     D:1: 827 daAuts
     D:4: 279 daAuts
